Map: Simulacrum LE

Players

Zinnie - Winner!

  • Race: Terran Terran
  • League: Diamond
  • Spawn Location: 5:00

A.I. 1 (Very Easy)

  • Race: Protoss Protoss
  • Spawn Location: 11:00

VOD

Have the link to the VOD?

Description

Easy beginner build

Time

  • Played on: May 6, 2020, 8:04 a.m.
  • Length: 9:53
Show
View Real Time Build Order
Export as new Build Order

Zinnie Terran - Winner!

Build Orders: 2 Factory, Gas First Reaper Expand, Hellion Opening, Mech 

Get SALT Encoding   

  12  0:01  SCV  
  13  0:14  SCV  
  14  0:20  Supply Depot  
  14  0:26  SCV  
  14  0:28  Refinery  
  15  0:41  SCV  
  16  0:47  Barracks  
  16  0:53  SCV  
  17  1:06  SCV  
  18  1:18  SCV  
  19  1:33  Orbital Command  
  19  1:34  Reaper  
  20  1:49  Command Center  
  20  1:57  Refinery  
  20  2:03  Factory  
  20  2:05  SCV  
  21  2:10  Barracks Reactor  
  21  2:15  Refinery  
  21  2:19  SCV  
  22  2:32  SCV  
  22  2:34  Supply Depot  
  23  2:56  SCV, Hellion x2  
  28  3:00  Factory  
  28  3:06  Orbital Command  
  28  3:08  SCV  
  29  3:17  Hellion x2  
  33  3:24  SCV, Supply Depot  
  34  3:33  SCV  
  35  3:36  SCV  
  35  3:39  Hellion  
  38  3:42  Hellion  
  38  3:45  SCV  
  38  3:46  Widow Mine  
  43  3:49  SCV  
  43  3:53  Supply Depot  
  44  3:57  SCV  
  44  4:00  Hellion  
  44  4:01  SCV  
  48  4:08  Widow Mine  
  48  4:09  SCV  
  51  4:13  SCV  
  52  4:22  Command Center  
  52  4:26  SCV x2  
  54  4:32  Armory  
  54  4:35  Hellion  
  56  4:40  Hellion  
  56  4:42  SCV x2  
  60  4:47  Supply Depot  
  60  4:48  Factory Tech Lab  
  60  4:55  Factory  
  60  4:56  Hellion  
  62  5:01  SCV x2  
  62  5:06  Refinery  
  64  5:07  Refinery  
  64  5:10  Supply Depot  
  64  5:11  Infernal Pre-Igniter  
  64  5:14  SCV x2  
  66  5:22  Factory, Hellion  
  66  5:25  Hellion  
  68  5:41  Factory Tech Lab, Factory  
  68  5:43  SCV x2  
  68  5:45  Terran Vehicle And Ship Armor Level 1  
  68  5:47  Engineering Bay  
  70  5:53  Hellion  
  70  5:55  SCV x2  
  74  6:07  SCV  
  74  6:09  Factory Tech Lab, Thor  
  81  6:14  Thor  
  81  6:16  SCV  
  88  6:20  Planetary Fortress  
  88  6:25  Missile Turret  
  88  6:26  SCV  
  88  6:28  SCV  
  88  6:30  Supply Depot  
  90  6:35  Supply Depot  
  90  6:39  SCV  
  91  6:40  SCV, Missile Turret  
  91  6:42  Factory Tech Lab  
  92  6:50  Thor  
  92  6:53  Hellion  
  100  6:56  Hellion  
  100  6:57  SCV  
  103  7:05  Thor  
  109  7:11  Supply Depot  
  109  7:12  Supply Depot  
  109  7:16  SCV x3  
  109  7:18  Hellion  
  109  7:20  Hellion  
  116  7:33  Thor  
  116  7:35  Supply Depot  
  122  7:37  Supply Depot  
  122  7:45  Thor  
  128  7:56  SCV x2  
  128  7:57  Thor  
  136  7:59  Refinery  
  136  8:01  Refinery, Supply Depot  
  136  8:04  Armory  
  136  8:08  SCV  
  136  8:09  SCV x2  
  139  8:16  Command Center  
  139  8:20  SCV, Thor  
  139  8:22  SCV  
  139  8:26  SCV  
  148  8:32  SCV, Sensor Tower, Hellion  
  148  8:34  SCV  
  152  8:44  SCV  
  152  8:45  SCV  
  152  8:46  Supply Depot  
  154  8:51  Supply Depot  
  154  8:58  Supply Depot  
  154  8:59  SCV, Thor  
  154  9:00  SCV  
  160  9:04  Hellion  
  160  9:07  Thor  
  168  9:16  Hellbat, Hellion  
  178  9:25  SCV x2  
  178  9:27  Missile Turret  
  178  9:29  Missile Turret  
  178  9:31  Missile Turret  
  187  9:48  Missile Turret  
  187  9:49  Missile Turret  
  191  9:51  Missile Turret  
Show
View Real Time Build Order
Export as new Build Order

A.I. 1 (Very Easy) Protoss 

Build Orders:  

Get SALT Encoding   

  12  0:00  Probe  
  13  0:13  Probe  
  14  0:20  Pylon  
  14  0:36  Assimilator  
  14  0:43  Gateway  
  14  0:47  Pylon  
  14  1:16  Probe  
  14  1:24  Probe  
  16  1:33  Probe, Cybernetics Core  
  17  1:43  Probe  
  18  1:55  Probe  
  18  2:00  Warp Gate  
  19  2:03  Probe  
  20  2:10  Stalker  
  22  4:36  Probe  
  22  5:06  Probe  
  23  5:07  Zealot, Assimilator  
  23  5:10  Robotics Facility  
  23  5:13  Pylon  
  25  5:16  Probe  
  25  5:24  Probe  
  23  5:33  Probe  
  25  5:44  Probe  
  26  5:56  Probe  
  27  5:57  Observer  
  27  5:58  Stalker  
  30  6:13  Observer  
  31  6:31  Nexus  
  31  6:42  Probe  
  31  7:42  Probe  
  31  7:50  Probe  
  32  7:53  Assimilator  
  32  7:55  Probe, Assimilator  
  33  8:02  Probe  
  35  8:13  Probe  
  35  8:19  Probe  
  37  8:28  Probe  
  37  8:29  Stalker  
  37  8:31  Probe  
  37  8:33  Pylon  
  37  8:40  Probe  
  25  8:53  Probe  
  23  8:58  Zealot  
  20  9:03  Probe  
  20  9:04  Pylon  
  21  9:11  Pylon  
  21  9:16  Probe  
  22  9:25  Probe  
  22  9:26  Pylon  
  18  9:33  Probe  
  13  9:43  Gateway  
Tags
 
Add a new tag
Caveats
  • Supply blocks, unpowered buildings, or Contaminate may cause inaccurate times.
  • Supply counts are checked every 10 seconds.